 Dungeon Crawl Stone Soup version 0.28-a0-1389-gc726bef33b (webtiles) character file.

Game seed: 6679137151738573472

51 SensoryNuts the Skirmisher (level 3, -1/29 HPs)
             Began as a Demonspawn Fighter on Jan 3, 2022.
             Killed by divine providence
             ... invoked by an orc priest
              (17 damage)
             ... on level 3 of the Dungeon.
             The game lasted 00:01:57 (2868 turns).

SensoryNuts the Skirmisher (Demonspawn Fighter)     Turns: 2868, Time: 00:02:01

Health: -1/29      AC:  8    Str: 18    XL:     3   Next: 58%
Magic:  3/3        EV:  9    Int:  9    God:
Gold:   49         SH:  4    Dex: 12    Spells: 2/2 levels left

rFire   . . .      SeeInvis .   a - +0 long sword
rCold   . . .      Faith    .   c - +0 buckler
rNeg    . . .      Spirit   .   b - +0 scale mail
rPois   .          Reflect  .   g - +0 helmet
rElec   .          Harm     .   (no cloak)
rCorr   .          Rampage  .   (no gloves)
Will    .....                   (no boots)
Stlth   ..........              (no amulet)
HPRegen 0.09/turn               (no ring)
MPRegen 0.08/turn               (no ring)

@: no status effects
A: rugged brown scales 1, demonic touch 1
a: no special abilities


You were on level 3 of the Dungeon.
You visited 1 branch of the dungeon, and saw 3 of its levels.

You collected 49 gold pieces.

Inventory:

Hand Weapons
 a - a +0 long sword (weapon)
Armour
 b - a +0 scale mail (worn)
 c - a +0 buckler (worn)
 g - a +0 helmet (worn)
Jewellery
 i - a ring of ice
Scrolls
 e - a scroll of identify
 j - a scroll of noise
 k - a scroll of teleportation {unknown}
Potions
 d - a potion of might
 f - 2 potions of brilliance
 h - a potion of heal wounds


   Skills:
 + Level 3.3 Fighting
 + Level 2.5 Long Blades
 + Level 3.1 Armour
 + Level 0.3 Dodging
 + Level 0.2 Stealth
 + Level 2.9 Shields


You had 2 spell levels left.
You didn't know any spells.
Your spell library was empty.

Dungeon Overview and Level Annotations

Branches:
Dungeon (3/15)

Altars:


Innate Abilities, Weirdness & Mutations

You are partially covered in rugged brown scales. (AC +1, +3% HP)
Your touch may inflict minor irresistible damage on your foes.


Message History

There is an open door here.
There is an open door here.
You see here a +0 short sword.
There is an open door here.
You see here a +0 dagger.
There is a stone staircase leading down here.
You can't go up here!
You climb downwards.
Found a scroll labelled SUOHENGAUQ.
There is a stone staircase leading up here.
Found a stone staircase leading down.
Found an escape hatch in the floor.
k - a scroll labelled SUOHENGAUQ An orc comes into view.
It is wielding a +0 short sword.
The orc shouts!
The orc moves out of view.
An orc and an orc priest come into view.
The orc priest shouts!
You hear a shout!
The orc priest miscasts a cantrip.
You hear a shout!
An orc comes into view. It is wielding a +0 club.
The orc shouts!
An orc comes into view. It is wielding a +0 whip.
The orc shouts!
The orc priest calls down the wrath of Beogh upon you.
Beogh smites you!
You hit the orc.
The orc is severely wounded.
An orc comes into view. It is wielding a +0 hand axe.
The orc hits you but does no damage.
You hit the orc.
You kill the orc!
You see here a +0 short sword.
You hit the orc priest.
The orc priest is moderately wounded.
The orc misses you.
The orc priest calls down the wrath of Beogh upon you.
Beogh smites you!
Ouch! That really hurt!
You die...

############
.....oo@...#
#....oo.##.#
.....##.##.##
#.##.##.#...###
. ...........#
#.##.#...#.#
#.##.##.##.#
.....#...#.##
#.>..#....#


You could see an orc priest and 3 orcs.

Vanquished Creatures
  An adder (D:2)
  An orc (D:3)
  5 endoplasms
  4 goblins
  5 hobgoblins
  4 jackals (D:2)
  A quokka (D:2)
  6 ball pythons
  5 frilled lizards
  4 kobolds
  3 rats (D:1)
39 creatures vanquished.

Vanquished Creatures (others)
  6 plants (D:2)
6 creatures vanquished.

Grand Total: 45 creatures vanquished

Notes
Turn   | Place    | Note
-------+----------+-------------------------------------------
     0 | D:1      | SensoryNuts the Demonspawn Fighter began the quest for the
                  | Orb.
     0 | D:1      | Reached XP level 1. HP: 18/18 MP: 1/1
   100 | D:1      | Gained mutation: Your touch may inflict minor irresistible
                  | damage on your foes. [demonic ancestry]
   100 | D:1      | Reached XP level 2. HP: 3/24 MP: 2/2
  1088 | D:1      | Found a faded altar of an unknown god.
  1105 | D:1      | You fall into a shaft and drop 1 floor!
  1457 | D:2      | Gained mutation: You are partially covered in rugged brown
                  | scales. (AC +1, +3% HP) [demonic ancestry]
  1457 | D:2      | Reached XP level 3. HP: 24/29 MP: 3/3
  1667 | D:2      | HP: 1/29 [jackal (3)]
  2868 | D:3      | Killed from afar by an orc priest

Illustrated notes

Levels and vault maps discovered:
D:1:      kennysheep_arrival_forest, layout_rooms,
          hellmonk_ecumenical_altar_leap_of_faith, kennysheep_pointless_box
D:2:      wad_woods_pond, layout_basic, minivault_24, dk_vineyard_3,
          amcnicky_mini_corridor_feature
D:3:      layout_loops_ring, nicolae_hepliaklqana_ecumenical_no_more, uniq_ijyb

Skill      XL: |  1  2 |
---------------+-------+-----
Long Blades    | 2 |  2.5
Armour         | 3 |  3.1
Fighting       | |  3.3
Dodging        | |  0.3
Stealth        | |  0.2
Shields        | |  2.9

Action                   || total
-------------------------++-------
Melee: Long sword        ||   151
  Use: Scroll            ||     3
Armor: Scale mail        ||    84
Dodge: Dodged            ||    91
Block: Buckler           ||    34

Table legend: (Time is in decaauts)
 A = Elapsed time spent in this place.
 B = Non-inter-level travel time spent in this place.
 C = Inter-level travel time spent in this place.
 D = Time resting spent in this place.
 E = Time spent auto-exploring this place.
 F = Levels seen in this place.
 G = Mean time per level.
                   A        B        C        D        E       F      G
               +--------+--------+--------+--------+--------+-----+--------+
         Total |   2919 |   2800 |    119 |    616 |   1813 |   3 |  973.0 |
       Dungeon |   2919 |   2800 |    119 |    616 |   1813 |   3 |  973.0 |
               +--------+--------+--------+--------+--------+-----+--------+

Top non-repeatable levels by time:
     D:2: 1768 daAuts
     D:1: 1126 daAuts
     D:3: 24 daAuts
